 Dungeon Crawl Stone Soup version 0.32-a0-886-g41c5271027 (webtiles) character file.

Game seed: 7469611062064739363

37200 ragingrage the Slicer (level 13, 0/92 HPs)
             Began as a Demonspawn Reaver on Apr 3, 2024.
             Was a Priest of Hepliaklqana.
             Headbutted by a minotaur (4 damage)
             ... in a Gauntlet.
             The game lasted 00:24:36 (13913 turns).

ragingrage the Slicer (Demonspawn Reaver)          Turns: 13913, Time: 00:24:37

Health: 0/92       AC:  6    Str: 20    XL:     13   Next: 57%
Magic:  19/19      EV: 21    Int: 12    God:    Hepliaklqana [***...]
Gold:   892        SH:  6    Dex: 17    Spells: 11/16 levels left

rFire   + . .        b - +8 quick blade (venom)
rCold   . . .        F - +0 buckler
rNeg    . . .        h - +0 troll leather armour
rPois   +            R - +0 hat {Will+}
rElec   +            a - +0 cloak {rCorr}
rCorr   +            k - +0 pair of gloves
SInv    .            d - +0 pair of boots
Will    +....        K - amulet "Sivvar" {rPois Regen+ Str+8 Int-4}
Stlth   ++           o - ring "Ollaptang" {rElec EV+5 Int+2}
HPRegen 1.95/turn    f - ring of protection from fire
MPRegen 0.16/turn

%: no teleportation
@: mighty
A: reduced essence, claws 2, horns 1, powered by death 3, weakness stinger 1
a: Renounce Religion, Recall Ancestor, Ancestor Identity, Transference


You were in a Gauntlet.
You worshipped Hepliaklqana.
Hepliaklqana was most pleased with you.
You visited 2 branches of the dungeon, and saw 15 of its levels.
You also visited: Trove and Gauntlet.

You collected 892 gold pieces.

Inventory:

Hand Weapons
 b - a +8 quick blade of venom (weapon)
 X - a +4 dagger of draining
Missiles
 A - 16 darts of dispersal
 S - 12 poisoned darts
 U - a curare-tipped dart
Armour
 a - a +0 cloak of preservation (worn)
 d - a +0 pair of boots (worn)
 h - a +0 troll leather armour (worn)
 k - a +0 pair of gloves (worn)
 l - a +1 leather armour of cold resistance
 F - a +0 buckler (worn)
 R - a +0 hat of willpower (worn)
Jewellery
 c - a ring of protection from cold
 e - a +5 ring of evasion
 f - a ring of protection from fire (right hand)
 o - the ring "Ollaptang" (left hand) {rElec EV+5 Int+2}
   (You took it off a centaur warrior on level 9 of the Dungeon)

   [ring of evasion]

   EV+5:      It affects your evasion (+5).
   Int+2:     It affects your intelligence (+2).
   rElec:     It insulates you from electricity.
 x - the ring "Sotiat" {Will+ Str+3}
   (You found it on level 9 of the Dungeon)

   [ring of willpower]

   Str+3:     It affects your strength (+3).
   Will+:     It increases your willpower.
 K - the amulet "Sivvar" (around neck) {rPois Regen+ Str+8 Int-4}
   (You found it on level 9 of the Dungeon)

   [amulet of regeneration]

   Str+8:     It affects your strength (+8).
   Int-4:     It affects your intelligence (-4).
   rPois:     It protects you from poison.
   Regen+:    It increases your rate of health regeneration.
 N - a ring of see invisible
 P - the ring "Foerodaw" {rElec rCorr}
   (You took it off a meliai on level 9 of the Dungeon)

   [ring of resist corrosion]

   rElec:     It insulates you from electricity.
   rCorr:     It protects you from acid and corrosion.
Wands
 r - a wand of roots (8)
 u - a wand of paralysis (19)
 H - a wand of acid (9)
 I - a wand of mindburst (23)
 L - a wand of flame (8)
Scrolls
 g - 2 scrolls of fear
 j - 4 scrolls of teleportation
 n - a scroll of poison {unknown}
 y - 3 scrolls of vulnerability
 z - a scroll of acquirement {unknown}
 B - a scroll of immolation {unknown}
 D - a scroll of noise {unknown}
 G - 2 scrolls of summoning
 Q - a scroll of torment
 V - a scroll of revelation
Potions
 i - 3 potions of attraction
 m - a potion of resistance
 p - 3 potions of brilliance
 q - a potion of berserk rage {unknown}
 t - 3 potions of mutation {unknown}
 v - 2 potions of ambrosia {unknown}
 w - a potion of curing
 C - a potion of might
 E - 2 potions of cancellation {unknown}
 J - a potion of enlightenment
 M - a potion of degeneration {unknown}


   Skills:
 - Level 10.0 Fighting
 + Level 13.0(13.2) Short Blades
 - Level 3.6(9.2) Long Blades
 - Level 10.0 Dodging
 - Level 3.0 Stealth
 - Level 6.0 Shields
 - Level 2.0 Spellcasting
 - Level 3.0 Conjurations
 - Level 7.0 Hexes
 - Level 2.0 Necromancy
 - Level 9.0 Invocations


You had 11 spell levels left.
You knew the following spells:

 Your Spells              Type           Power      Damage    Failure   Level
a - Confusing Touch       Hex            18%        N/A       7%          3
b - Ensorcelled Hibernat  Hex/Ice        18%        N/A       14%         2

Your spell library contained the following spells:

 Spells                   Type           Power      Damage    Failure   Level
 Kiss of Death            Conj/Necr      28%        2d7       14%         1
 Cause Fear               Hex            9%         N/A       22%         4
 Momentum Strike          Conj/Tloc      8%         3d8       32%         2
 Cigotuvi's Dreadful Rot  Necr/Alch/Air  4%         N/A       43%         2
 Anguish                  Hex/Necr       6%         N/A       52%         4
 Hailstorm                Conj/Ice       4%         3d5       54%         3
 Passwall                 Erth           1%         N/A       75%         3
 Swiftness                Air            1%         N/A       75%         3
 Dispel Undead            Necr           6%         3d8       86%         4
 Summon Mana Viper        Hex/Summ       9%         N/A       95%         5
 Ignite Poison            Fire/Alch      1%         N/A       98%         4
 Leda's Liquefaction      Alch/Erth      0%         N/A       98%         4
 Freezing Cloud           Conj/Ice/Air   1%         6-21      100%        5
 Lee's Rapid Deconstruct  Erth           0%         3d4*      100%        5
 Summon Forest            Summ/Tloc      0%         N/A       100%        5
 Permafrost Eruption      Ice/Erth       0%         2x4d1     100%        6
 Summon Cactus Giant      Summ           0%         N/A       100%        6
 Enfeeble                 Hex            9%         N/A       100%        7


Dungeon Overview and Level Annotations

Branches:
Dungeon (12/15)            Temple (0/1) D:6            Lair (3/5) D:11
 Shoals (0/4) Lair:2        Snake (0/4) Lair:2          Orc (0/2) D:10
Gauntlet (1/1)

Altars:
Fedhas
Hepliaklqana
Nemelex Xobeh
Qazlal
Wu Jian
Xom
Yredelemnul

Shops:
D:12 *

Annotations:
D:9 exclusion: downstairs
D:11 1 runed translucent door
Lair:1 2 transporters
Lair:2 3 runed translucent doors, jamsaran's ghost, journeyman TeSu
Lair:3 1 exclusion Gauntlet 12 transporters, exclusion: orange crystal statue


Innate Abilities, Weirdness & Mutations

Your life essence is reduced to manifest your ancestor. (-10% HP)
You have very sharp fingernails.
You have a pair of small horns on your head.
You regenerate a lot of health from kills.
You have a small tail.


Message History

The minotaur bellows!
Found a buckler.
Found a gate leading back out of this place.
Jaymp points at the minotaur and mumbles some strange words.
The minotaur resists with almost no effort.
The minotaur unwields a +2 long sword of protection.
The minotaur wields a +0 orcbow of freezing.
It is covered in frost.
The minotaur shoots an arrow.
You block the arrow.
There is an open door here.
The minotaur unwields a +0 orcbow of freezing.
The minotaur wields a +2 long sword of protection.
The minotaur hits you with a +2 long sword of protection!!
The minotaur gores you!
You hit the minotaur but do no damage.
The minotaur is poisoned.
You hit the minotaur but do no damage.
The minotaur looks as sick as possible!
You puncture the minotaur!
The minotaur looks as sick as possible!
You tail-slap the minotaur, but do no damage.
You hit the minotaur but do no damage.
The minotaur hits you with a +2 long sword of protection!!
You block the minotaur's attack.
You hit the minotaur but do no damage.
Your tail-slap misses the minotaur.
You hit the minotaur but do no damage. Your headbutt misses the minotaur.
Jaymp gestures at the minotaur while chanting.
The minotaur resists with almost no effort.
You hit the minotaur but do no damage.
The minotaur looks as sick as possible!
You tail-slap the minotaur, but do no damage.
You hit the minotaur but do no damage. The minotaur misses you. x2
It was a potion of might.
You feel very mighty all of a sudden.
Jaymp closely misses the minotaur.
The minotaur furiously retaliates!
The minotaur headbutts Jaymp, but does no damage.
Jaymp hits the minotaur but does no damage.
The minotaur hits you with a +2 long sword of protection!!
* * * LOW HITPOINT WARNING * * *
The minotaur gores you.
* * * LOW HITPOINT WARNING * * *
You barely miss the minotaur.
The minotaur furiously retaliates!
The minotaur headbutts you.
You die...
Hepliaklqana delivers you to your ancestors.

###### #≈≈≈≈≈ #≈≈∩≈
≈... ###H###
#..R@.#
#######'#######
#.............#
#.###.###.###.#
##.###.###.#
............#
#.###.###.###
#####.###.###.#####
#§...............≈#


You could see the friendly Jaymp the hexer and a minotaur (extremely poisoned,
ally target).

Vanquished Creatures
  Gastronok (D:12)
  3 boulder beetles
  3 centaur warriors
  2 two-headed ogres
  A sun demon (Gauntlet)
  An ugly thing (D:10)
  A manticore (D:12)
  A cyclops (D:12)
  3 black mambas
  A meliai (D:9)
  2 torpor snails (Gauntlet)
  2 cane toads
  A hellion (Gauntlet)
  3 kobold demonologists
  An unseen horror (D:12)
  9 komodo dragons
  4 trolls
  A polar bear (Lair:3)
  A hornet (D:9)
  7 blink frogs
  4 dream sheep (Lair:2)
  A spriggan (shapeshifter) (D:9)
  A shadow (D:10)
  48 yaks
  A vampire (D:11)
  A wyvern (D:9)
  A steam dragon (D:8)
  3 vampire mosquitoes
  A hell hound (Gauntlet)
  7 water moccasins
  3 black bears
  An ice beast (D:7)
  3 orc warriors
  2 ogres (D:6)
  A sky beast (D:6)
  5 centaurs
  22 wolves
  3 kobold brigands
  10 bullfrogs
  A gnoll sergeant (D:6)
  3 killer bees
  2 electric eels (Lair:2)
  3 howler monkeys (D:8)
  A jelly (D:6)
  A bombardier beetle (D:2)
  2 orc priests
  2 iguanas (D:4)
  9 orc wizards
  3 gnolls (D:2)
  3 hexers
  3 adders
  A white imp (D:7)
  2 ribbon worms
  23 orcs
  4 ball pythons
  4 bats
  9 endoplasms
  2 giant cockroaches
  11 goblins
  3 hobgoblins
  3 jackals (D:4)
  4 quokkas
  4 frilled lizards
  18 kobolds
  2 rats
289 creatures vanquished.

Vanquished Creatures (collateral kills)
  A hydra (D:9)
  A two-headed ogre (D:10)
  A cyclops (D:9)
  A black mamba (Lair:2)
  A cane toad (Lair:1)
  2 dream sheep (Lair:2)
  A shadow (D:8)
  A steam dragon (D:7)
  9 yaks
  A vampire mosquito (D:10)
  2 water moccasins
  An ice beast (D:5)
  A sky beast (D:8)
  3 wolves
  A phantom (D:5)
  2 kobold brigands (D:6)
  4 bullfrogs
  4 scorpions
  A killer bee (D:8)
  An electric eel (D:7)
  3 howler monkeys
  2 hounds
  3 jellies
  4 orc priests
  A gnoll bouda (D:6)
  4 iguanas
  2 sleepcaps
  Ijyb (D:5)
  4 orc wizards
  3 gnolls (D:4)
  6 adders
  A white imp (D:6)
  2 ufetubi (D:7)
  A ribbon worm (D:5)
  13 orcs
  A giant cockroach (D:1)
  A goblin (D:4)
  A hobgoblin (D:3)
  2 jackals (D:3)
  A ball python (D:2)
  2 bats (D:2)
  A kobold (D:4)
98 creatures vanquished.

Vanquished Creatures (others)
  A blink frog (Lair:2)
  12 hexers
  2 ancestors
15 creatures vanquished.

Grand Total: 402 creatures vanquished

Notes
Turn   | Place    | Note
-------+----------+-------------------------------------------
     0 | D:1      | ragingrage the Demonspawn Reaver began the quest for the
                  | Orb.
     0 | D:1      | Reached XP level 1. HP: 16/16 MP: 3/3
   282 | D:1      | Reached skill level 1 in Stealth
   289 | D:1      | Discovered your monstrous ancestry.
   289 | D:1      | Gained mutation: You have a pair of small horns on your
                  | head. [demonic ancestry]
   289 | D:1      | Reached XP level 2. HP: 12/22 MP: 5/5
   690 | D:1      | Found a faded altar of an unknown god.
   699 | D:1      | Prayed at the altar of an unknown god.
   699 | D:1      | Became a worshipper of Hepliaklqana the Forgotten
   699 | D:1      | Reached * piety under Hepliaklqana
   939 | D:2      | Reached skill level 1 in Necromancy
  1003 | D:2      | Gained mutation: You regenerate a little health from kills.
                  | [demonic ancestry]
  1003 | D:2      | Reached XP level 3. HP: 19/24 MP: 6/6
  1521 | D:2      | Reached XP level 4. HP: 10/29 MP: 7/7
  1864 | D:2      | Reached skill level 1 in Short Blades
  1864 | D:2      | Reached skill level 1 in Hexes
  1993 | D:3      | Learned a level 2 spell: Ensorcelled Hibernation
  2125 | D:3      | Reached ** piety under Hepliaklqana
  2139 | D:3      | Remembered your ancestor Jaymp as a hexer
  2144 | D:3      | Reached XP level 5. HP: 34/34 MP: 8/8
  2172 | D:3      | Found an ornate altar of the Wu Jian Council.
  2207 | D:3      | Found a hazy altar of Hepliaklqana.
  2212 | D:3      | Found a blossoming altar of Fedhas.
  2401 | D:3      | Reached skill level 2 in Short Blades
  2585 | D:4      | Learned a level 3 spell: Confusing Touch
  2776 | D:4      | Reached XP level 6. HP: 39/39 MP: 9/9
  2874 | D:4      | Noticed a water moccasin
  2893 | D:4      | Killed a water moccasin
  2894 | D:4      | Reached skill level 3 in Short Blades
  3120 | D:4      | Gained mutation: You regenerate health from kills. [demonic
                  | ancestry]
  3120 | D:4      | Reached XP level 7. HP: 35/45 MP: 10/10
  3291 | D:5      | Entered Level 5 of the Dungeon
  3318 | D:5      | Reached skill level 4 in Short Blades
  3334 | D:5      | Noticed Ijyb
  3353 | D:5      | Found a basalt altar of Yredelemnul.
  3398 | D:5      | Reached skill level 5 in Hexes
  3409 | D:5      | Reached skill level 5 in Short Blades
  3412 | D:5      | Killed Ijyb
  3413 | D:5      | Reached XP level 8. HP: 50/50 MP: 11/11
  3759 | D:6      | Reached skill level 6 in Short Blades
  3838 | D:6      | Reached *** piety under Hepliaklqana
  3984 | D:6      | Found a staircase to the Ecumenical Temple.
  3991 | D:6      | Reached skill level 7 in Short Blades
  4380 | D:6      | Reached skill level 8 in Short Blades
  4409 | D:6      | Gained mutation: You have a small tail. [demonic ancestry]
  4409 | D:6      | Reached XP level 9. HP: 37/54 MP: 12/12
  4522 | D:6      | Found a sparkling altar of Nemelex Xobeh.
  5037 | D:7      | Noticed a komodo dragon
  5052 | D:7      | Killed a komodo dragon
  5053 | D:7      | Reached skill level 9 in Short Blades
  5360 | D:7      | Reached skill level 1 in Invocations
  5794 | D:8      | Found a shimmering altar of Xom.
  5915 | D:8      | Reached skill level 1 in Shields
  6195 | D:9      | Reached **** piety under Hepliaklqana
  6264 | D:8      | Gained mutation: You have sharp fingernails. [demonic
                  | ancestry]
  6264 | D:8      | Reached XP level 10. HP: 58/63 MP: 13/13
  6470 | D:9      | Noticed a five-headed hydra
  6470 | D:9      | Noticed a centaur warrior
  6471 | D:9      | Noticed a centaur warrior
  6471 | D:9      | Noticed a boulder beetle
  6891 | D:10     | Entered Level 10 of the Dungeon
  6994 | D:10     | Reached skill level 5 in Invocations
  7102 | D:9      | HP: 1/65 [vampire mosquito (7)]
  7113 | D:8      | Reached skill level 5 in Fighting
  7382 | D:9      | Killed a centaur warrior
  7383 | D:9      | Reached skill level 5 in Dodging
  7390 | D:9      | Noticed a boulder beetle
  7406 | D:9      | Killed a boulder beetle
  7407 | D:9      | Reached XP level 11. HP: 73/74 MP: 14/14
  7436 | D:9      | Identified the ring "Ollaptang" {rElec EV+5 Int+2}
  7855 | D:9      | Killed a centaur warrior
  7861 | D:9      | Identified the ring "Foerodaw" {rElec rCorr}
  7867 | D:9      | Reached skill level 5 in Shields
  8097 | D:10     | Noticed a two-headed ogre
  8200 | D:9      | Found a stormy altar of Qazlal.
  8388 | D:9      | Killed a boulder beetle
  8419 | D:9      | Killed a five-headed hydra
  8471 | D:9      | Identified the ring "Sotiat" {Will+ Str+3}
  8480 | D:9      | Identified the amulet "Sivvar" {rPois Regen+ Str+8 Int-4}
  8713 | D:10     | Killed a two-headed ogre
  9071 | D:10     | Found a portal to a secret trove of treasure.
  9086 | D:10     | Found a staircase to the Orcish Mines.
  9569 | D:11     | Noticed a two-headed ogre
  9577 | D:11     | Killed a two-headed ogre
  9632 | Trove    | Entered a treasure trove
  9652 | Trove    | Identified the +9 broad axe of Plague {freeze, rC++}
  9780 | D:11     | Noticed a two-headed ogre
  9790 | D:10     | Killed a two-headed ogre
  9791 | D:10     | Gained mutation: You have very sharp fingernails. [demonic
                  | ancestry]
  9791 | D:10     | Reached XP level 12. HP: 90/94 MP: 17/17
 10047 | D:11     | Found a staircase to the Lair.
 10137 | D:11     | Found a runed translucent door.
 10207 | D:11     | Reached skill level 10 in Short Blades
 10403 | D:12     | Identified the +5 scale mail "Toong" {Harm rF- Str+4 Int+3}
 10407 | D:12     | Found Xureonoe's Overcharged Wands.
 10409 | D:12     | Noticed Gastronok
 10440 | D:12     | Killed Gastronok
 10750 | D:12     | Noticed a boulder beetle
 10769 | D:12     | Killed a boulder beetle
 10815 | D:12     | Noticed a centaur warrior
 11159 | D:12     | Killed a centaur warrior
 11160 | D:12     | Reached skill level 10 in Fighting
 11293 | Lair:1   | Entered Level 1 of the Lair of Beasts
 11521 | Lair:1   | Found a transporter.
 11554 | Lair:1   | Reached skill level 11 in Short Blades
 11777 | Lair:1   | Found a transporter.
 11946 | Lair:1   | Gained mutation: You regenerate a lot of health from kills.
                  | [demonic ancestry]
 11946 | Lair:1   | Reached XP level 13. HP: 82/92 MP: 19/19
 12432 | Lair:2   | Found a staircase to the Snake Pit.
 12457 | Lair:2   | Reached skill level 10 in Dodging
 12498 | Lair:2   | Identified the +3 war axe "Haruynac" {venom, Fly rElec rN+
                  | Dex-5}
 12572 | Lair:2   | Found a staircase to the Shoals.
 12664 | Lair:2   | Reached skill level 12 in Short Blades
 12721 | Lair:2   | Found a runed translucent gate.
 12721 | Lair:2   | Found a runed translucent gate.
 12723 | Lair:2   | Found a runed translucent gate.
 12725 | Lair:2   | Noticed a minotaur
 13167 | Lair:2   | Noticed jamsaran's ghost (journeyman TeSu)
 13295 | Lair:3   | Found a gate leading to a gauntlet.
 13315 | Gauntlet | Entered a Gauntlet
 13315 | Gauntlet | Found a transporter.
 13323 | Gauntlet | Found a transporter.
 13325 | Gauntlet | Found a transporter.
 13327 | Gauntlet | Found a transporter.
 13344 | Gauntlet | Found a transporter.
 13357 | Gauntlet | Found a transporter.
 13363 | Gauntlet | Found a transporter.
 13378 | Gauntlet | Found a transporter.
 13397 | Gauntlet | Found a transporter.
 13409 | Gauntlet | Found a transporter.
 13421 | Gauntlet | Found a transporter.
 13429 | Gauntlet | Found a transporter.
 13446 | Gauntlet | Found a transporter.
 13458 | Gauntlet | Found a transporter.
 13475 | Gauntlet | Found a transporter.
 13492 | Gauntlet | Found a transporter.
 13494 | Gauntlet | Found a transporter.
 13521 | Gauntlet | Found a transporter.
 13828 | Gauntlet | Reached skill level 13 in Short Blades
 13905 | Gauntlet | Noticed a minotaur
 13912 | Gauntlet | HP: 4/92 [minotaur/+2 long sword of protection (5)]
 13913 | Gauntlet | Headbutted by a minotaur

Illustrated notes

Levels and vault maps discovered:
D:1:      dpeg_arrival_tiny_a, layout_basic,
          hellmonk_ecumenical_altar_prayer_group
D:2:      layout_loops_ring
D:3:      layout_rooms, mainiacjoe_overflow_catch_the_wave,
          mainiacjoe_overflow_boulevard, minmay_diced_spiral
D:4:      layout_basic
D:5:      layout_basic, mainiacjoe_overflow_small_starburst, uniq_ijyb
D:6:      minmay_chambers_of_threes, layout_cave_pods,
          nemelex_spade_bored_becter, minmay_temple_entry_proselytizer,
          minmay_unpleasant_kobolds
D:7:      layout_rooms, serial_bayou, serial_bayou_shore_b,
          serial_bayou_crossing, serial_bayou_pond_e, serial_bayou_lagoon_a
D:8:      layout_basic, mainiacjoe_overflow_paths
D:9:      minmay_the_grid_triangle_9x9_rhombus_thin_mashed
          [minmay_the_grid_triangle_9x9_zippers_horizontal,
          minmay_the_grid_triangle_9x9_prize_special,
          minmay_the_grid_triangle_9x9_descending_squares,
          minmay_the_grid_triangle_9x9_intruding_spiral], layout_small_grid,
          lemuel_crystal_altar
D:10:     layout_basic, tso_metal_star, orc_0_dummy,
          nicolae_trove_entry_isolated, chequers_jeans
D:11:     dreamdust_labyrinth, layout_rooms, grunt_lair_entry_orc_guard_hut
D:12:     layout_big_octagon, nicolae_shop_overcharged_wands, uniq_gastronok
Lair:1:   gammafunk_cloud_chamber, layout_cave_pods
Lair:2:   beast_lair_carwin_large_2, layout_gridlike, elwin_shoals_entry_rocks,
          minmay_snake_entry_six_corridors, maelrawn_ghost_gauntlet_escape,
          lemuel_fruit_fields, serial_bayou_shore_b
Lair:3:   layout_long_grid, gauntlet_entry_generic
Gauntlet: gammafunk_gauntlet_one_two_three [gammafunk_gauntlet_arena_crates,
          nicolae_gauntlet_arena_blocks, nicolae_gauntlet_arena_grate_2,
          gammafunk_gauntlet_arena_spirals, gammafunk_gauntlet_arena_mazey,
          gammafunk_gauntlet_arena_teeth, gammafunk_gauntlet_arena_split_x,
          nicolae_gauntlet_arena_flowing_pool, nicolae_gauntlet_arena_x,
          gauntlet_exit_watery]

Skill      XL: |  1  2  3  4  5  6  7  8  9 10 11 12 13 |
---------------+----------------------------------------+-----
Stealth        | 1 2 3 |  3.0
Long Blades    | 3 |  3.6
Necromancy     | 1 2 |  2.0
Short Blades   | 1 2 3 5 8 9 11 13 | 13.0
Hexes          | 1 2 4 5 6 7 |  7.0
Dodging        | 2 5 6 9 10 | 10.0
Invocations    | 2 5 7 9 |  9.0
Shields        | 1 4 6 |  6.0
Fighting       | 3 6 8 10 | 10.0
Spellcasting   | |  2.0
Conjurations   | |  3.0

Action                     |  1- 3 |  4- 6 |  7- 9 | 10-12 | 13-15 || total
---------------------------+-------+-------+-------+-------+-------++-------
  Melee: Falchion          |    96 |    71 |   180 |       |       ||   347
         Headbutt          |     9 |    14 |    61 |   227 |   102 ||   413
         Unarmed           |    12 |       |       |       |       ||    12
         Punch             |     2 |       |       |       |       ||     2
         Dagger            |       |    40 |     8 |    50 |       ||    98
         Rapier            |       |       |    62 |   248 |       ||   310
         Tailslap          |       |       |    22 |   150 |    67 ||   239
         Quick blade       |       |       |       |   481 |   366 ||   847
   Cast: Kiss of Death     |       |     1 |     1 |       |       ||     2
         Confusing Touch   |       |       |       |     4 |       ||     4
 Invoke: Ancestor Life: He |       |     1 |       |       |       ||     1
         Recall Ancestor   |       |       |     2 |     5 |       ||     7
         Transference      |       |       |       |     1 |       ||     1
  Evoke: Wand              |       |       |       |     8 |       ||     8
    Use: Potion            |     5 |       |     1 |     3 |     1 ||    10
         Scroll            |     1 |       |     6 |     9 |     3 ||    19
   Stab: Sleeping          |     3 |     1 |     2 |     1 |     2 ||     9
         Distracted        |       |     2 |     8 |     4 |     1 ||    15
         Confused          |       |     1 |    11 |     7 |     4 ||    23
         Paralysed         |       |       |       |     1 |       ||     1
 Armour: Leather armour    |    69 |    43 |    86 |       |       ||   198
         Skin              |     9 |       |       |       |       ||     9
         Steam dragon scal |       |       |    18 |    98 |       ||   116
         Troll leather arm |       |       |       |   119 |    43 ||   162
  Dodge: Dodged            |    86 |    68 |   201 |   456 |   115 ||   926
  Block: Buckler           |       |       |    14 |   122 |    38 ||   174

Table legend: (Time is in decaauts)
 A = Elapsed time spent in this place.
 B = Non-inter-level travel time spent in this place.
 C = Inter-level travel time spent in this place.
 D = Time resting spent in this place.
 E = Time spent auto-exploring this place.
 F = Levels seen in this place.
 G = Mean time per level.
                   A        B        C        D        E       F      G
               +--------+--------+--------+--------+--------+-----+--------+
         Total |  13703 |  13000 |    703 |   1835 |   7808 |  17 |  806.1 |
       Dungeon |  11099 |  10436 |    663 |   1808 |   6005 |  12 |  924.9 |
          Lair |   1947 |   1908 |     39 |     22 |   1445 |   3 |  649.0 |
         Trove |     77 |     77 |      0 |      0 |     15 |   1 |   77.0 |
      Gauntlet |    579 |    579 |      0 |      5 |    343 |   1 |  579.0 |
               +--------+--------+--------+--------+--------+-----+--------+

Top non-repeatable levels by time:
     D:9: 1393 daAuts
     D:8: 1300 daAuts
    D:10: 1285 daAuts
     D:6: 1244 daAuts
  Lair:1: 976 daAuts
     D:1: 939 daAuts
    D:12: 893 daAuts
     D:2: 879 daAuts
  Lair:2: 861 daAuts
     D:4: 779 daAuts
     D:7: 742 daAuts
     D:3: 705 daAuts
Gauntlet: 579 daAuts
    D:11: 565 daAuts
     D:5: 369 daAuts
